 Dungeon Crawl Stone Soup version 0.30.0-5-g1a98f26d00 (webtiles) character file.

Game seed: 6423514181718702858

849 SnakkuSnakku7 the Fighter (level 8, -2/80 (90) HPs)
             Began as a Hill Orc Air Elementalist on May 12, 2023.
             Succumbed to a water moccasin's poison
             ... on level 4 of the Dungeon.
             The game lasted 00:08:29 (4097 turns).

SnakkuSnakku7 the Fighter (HOAE)                    Turns: 4097, Time: 00:08:30

HP:   -2/80 (90)    AC: 11    Str: 13    XL:     8   Next: 1%
MP:   10/10         EV:  3    Int: 15    God:
Gold: 885           SH:  0    Dex: 11    Spells: 9/10 levels left

rFire   . . .        a - +0 battleaxe
rCold   . . .        (shield currently unavailable)
rNeg    . . .        g - +1 plate armour
rPois   .            (no helmet)
rElec   .            (no cloak)
rCorr   .            (no gloves)
SInv    .            (no boots)
Will    .....        (no amulet) Stlth
                     (no ring)
HPRegen 0.33/turn    (no ring)
MPRegen 0.12/turn

%: no passive effects
@: mighty, brilliant, lethally poisoned (-2 -> -18), heavily drained
A: no striking features
a: no special abilities


You were on level 4 of the Dungeon.
You visited 1 branch of the dungeon, and saw 4 of its levels.
You also visited: Ossuary.

You collected 885 gold pieces.

Inventory:

Hand Weapons
 a - a +0 battleaxe (weapon)
 h - a +0 dagger
 j - a +0 club
 m - a +0 mace
 o - a +0 quarterstaff
Missiles
 q - 3 poisoned darts
 r - 5 javelins (quivered)
Armour
 g - a +1 plate armour (worn)
Scrolls
 e - 2 scrolls of enchant armour
 k - a scroll of fog {unknown}
 n - 5 scrolls of identify
 t - a scroll of teleportation
 v - a scroll of amnesia {unknown}
 x - 3 scrolls of magic mapping {unknown}
Potions
 b - a potion of magic
 c - a potion of flight {unknown}
 d - 2 potions of attraction
 f - a potion of brilliance
 i - 2 potions of heal wounds {unknown}
 p - a potion of might
 w - a potion of resistance
 z - a potion of degeneration {unknown}


   Skills:
 - Level 14.9 Fighting
 + Level 4.5 Axes
 - Level 3.0 Throwing
 - Level 1.5 Dodging
 - Level 1.5 Stealth
 - Level 1.5 Spellcasting
 - Level 1.0 Conjurations
 - Level 2.4 Air Magic


You had 9 spell levels left.
You knew the following spells:

 Your Spells              Type           Power      Damage    Failure   Level
a - Shock                 Conj/Air       36%        1d5       100%        1

Your spell library contained the following spells:

 Spells                   Type           Power      Damage    Failure   Level
 Blink                    Tloc           2%         N/A       100%        2
 Lesser Beckoning         Tloc           2%         N/A       100%        2
 Momentum Strike          Conj/Tloc      8%         3d8       100%        2
 Static Discharge         Conj/Air       18%        2-3/arc   100%        2
 Frozen Ramparts          Ice            2%         1d1       100%        3
 Swiftness                Air            12%        N/A       100%        3
 Airstrike                Air            6%         2d(1-17)  100%        4
 Ice Form                 Ice/Tmut       1%         N/A       100%        4
 Summon Ice Beast         Ice/Summ       1%         N/A       100%        4


Dungeon Overview and Level Annotations

Branches:
Dungeon (4/15)            Ossuary (visited)
 Temple: D:4-7

Altars:


Message History

The water moccasin is almost dead.
The water moccasin bites you but does no damage. x2
You closely miss the water moccasin.
The water moccasin is almost dead.
The water moccasin barely misses you.
The water moccasin bites you but does no damage.
You closely miss the water moccasin.
The water moccasin is almost dead.
The water moccasin bites you.
* * * LOW HITPOINT WARNING * * *
You are poisoned.
The water moccasin poisons you!
The water moccasin bites you but does no damage.
You closely miss the water moccasin.
The water moccasin is almost dead.
You feel very sick. The water moccasin bites you!
* * * LOW HITPOINT WARNING * * *
The water moccasin bites you but does no damage.
Unknown command.
You feel better. The water moccasin bites you.
* * * LOW HITPOINT WARNING * * *
Unknown command.
You closely miss the water moccasin.
The water moccasin is almost dead.
The water moccasin bites you but does no damage. x2
You barely miss the water moccasin.
The water moccasin is almost dead.
The water moccasin bites you but does no damage. x2
You closely miss the water moccasin.
The water moccasin is almost dead.
The water moccasin completely misses you.
The water moccasin bites you.
* * * LOW HITPOINT WARNING * * *
You are lethally poisoned!
The water moccasin poisons you! The water moccasin bites you.
* * * LOW HITPOINT WARNING * * *
It was a potion of brilliance.
You feel clever all of a sudden.
You die...

.#.#####.# ###......#
################ # ##.#####
#..............# ###.##
#.#.##.#..####.# .#.##
#.#.##.#.......###### ...#
#.#....#.)#.........# ...#
#.#.......#.##.####.# ...#
#.....#.....##.# #..# ...#
###..@.........# #)## ...#
######S###.#####.###.###
.>.#######.......##.....†.#......
.........#.......##.....##.>....#
........................##..#.#.#
w........#..†..#.##.....##..#...#
g..#####.#..##.#.##.....##..##..#
.g.# #.#....)..####### #..# ..#
...# #.#.......# #^.. ...


You could see a water moccasin.

Vanquished Creatures
  A gnoll sergeant (D:4)
  5 wights (D:4)
  A gnoll bouda (D:4)
  A sleepcap (D:4)
  11 mummies (Ossuary)
  5 adders
  5 gnolls
  A worm (D:2)
  4 dart slugs
  4 orcs
  6 bats
  6 endoplasms
  3 giant cockroaches
  5 goblins
  12 hobgoblins
  9 jackals
  9 quokkas
  5 ball pythons
  3 frilled lizards
  2 gnoll skeletons (Ossuary)
  A goblin skeleton (Ossuary)
  7 kobolds
  A kobold skeleton (Ossuary)
  4 orc skeletons (Ossuary)
  5 rats
  11 rat skeletons (Ossuary)
  2 rat zombies (D:4)
129 creatures vanquished.

Notes
Turn   | Place    | Note
-------+----------+-------------------------------------------
     0 | D:1      | SnakkuSnakku7 the Hill Orc Air Elementalist began the quest
                  | for the Orb.
     0 | D:1      | Reached XP level 1. HP: 14/14 MP: 3/3
    27 | D:1      | Reached skill level 1 in Fighting
   115 | D:1      | Reached skill level 2 in Fighting
   115 | D:1      | Reached XP level 2. HP: 23/24 MP: 0/4
   497 | D:1      | Reached skill level 3 in Fighting
   500 | D:1      | Reached XP level 3. HP: 16/31 MP: 0/5
  1250 | D:2      | Reached skill level 4 in Fighting
  1339 | D:2      | Reached XP level 4. HP: 31/41 MP: 6/6
  2190 | D:3      | Reached skill level 5 in Fighting
  2190 | D:3      | Reached skill level 1 in Throwing
  2190 | D:3      | Reached XP level 5. HP: 48/48 MP: 7/7
  2607 | D:4      | Identified a scroll of acquirement
  2608 | D:4      | Acquired 737 gold pieces
  2610 | D:4      | Reached skill level 14 in Fighting
  2610 | D:4      | Reached XP level 6. HP: 74/75 MP: 8/8
  2624 | D:4      | Found a sand-covered staircase.
  2636 | Ossuary  | Entered an ossuary
  3088 | D:4      | Reached XP level 7. HP: 26/81 MP: 9/9
  3289 | D:4      | Reached skill level 1 in Axes
  3941 | D:4      | Reached XP level 8. HP: 52/80 MP: 10/10
  4096 | D:4      | HP: 2/80 [water moccasin (6)]
  4097 | D:4      | Succumbed to a water moccasin's poison

Illustrated notes

Levels and vault maps discovered:
D:1:      spicycebolla_arrival_ecumenical, layout_basic, st_stairs_14
D:2:      layout_basic, bh_walls_and_bars
D:3:      layout_rooms
D:4:      layout_loops_cross, enter_ossuary_4, minmay_manual_mail

Skill      XL: |  1  2  3  4  5  6  7 |
---------------+----------------------+-----
Fighting       | 2 3 4 5 14 | 14.9
Throwing       | 1 2 3 |  3.0
Axes           | 4 |  4.5
Dodging        | |  1.5
Stealth        | |  1.5
Spellcasting   | |  1.5
Conjurations   | |  1.0
Air Magic      | |  2.4

Action                     |  1- 3 |  4- 6 |  7- 9 || total
---------------------------+-------+-------+-------++-------
  Melee: Unarmed           |    50 |       |       ||    50
         Punch             |     5 |       |       ||     5
         Dagger            |    30 |       |       ||    30
         Club              |    85 |       |       ||    85
         Mace              |    17 |     2 |       ||    19
         Quarterstaff      |       |   218 |    13 ||   231
         Battleaxe         |       |       |    77 ||    77
  Throw: Javelin           |       |     6 |     4 ||    10
         Dart              |       |     4 |     3 ||     7
   Cast: Shock             |    21 |       |       ||    21
  Evoke: Wand              |       |    11 |       ||    11
    Use: Scroll            |       |     7 |     1 ||     8
         Potion            |       |     5 |     6 ||    11
   Stab: Invisible         |       |       |     1 ||     1
 Armour: Robe              |     9 |       |       ||     9
         Plate armour      |   125 |   142 |    65 ||   332
         Skin              |       |     5 |    12 ||    17
  Dodge: Dodged            |    79 |    29 |    21 ||   129
